 Dungeon Crawl Stone Soup version 0.21.0 (webtiles) character file.

32638 ObsidianBottle the Thaumaturge (level 13, -2/75 HPs)
             Began as a Deep Elf Necromancer on Jan 10, 2018.
             Was a Follower of Uskayaw.
             Splashed by an oklob plant's acid (10 damage)
             ... on level 5 of the Lair of Beasts.
             The game lasted 01:43:47 (23660 turns).

ObsidianBottle the Thaumaturge (DENe)              Turns: 23660, Time: 01:43:48

Health: -2/75      AC:  9    Str:  6    XL:     13   Next: 32%
Magic:  26/31      EV: 19    Int: 25    God:    Uskayaw [*.....]
Gold:   1039       SH:  0    Dex: 15    Spells: 19/37 levels left

rFire    + . .     SeeInvis .   i - +2 arbalest (flame)
rCold    + . .     Gourm    .   (shield currently unavailable)
rNeg     . . .     Faith    +   K - +2 robe {rC+ rF+}
rPois    .         Spirit   .   p - +1 helmet
rElec    .         Reflect  .   R - +1 cloak
rCorr    .         Harm     .   j - +1 pair of gloves
MR       +....                  y - +1 pair of boots {Fly}
Stlth    +++++.....             s - amulet of faith
HPRegen  0.22/turn              (no ring)
MPRegen  0.22/turn              Z - +5 ring of protection

@: corroded, flying
A: no striking features
a: Stomp, Renounce Religion, Stop Flying


You were on level 5 of the Lair of Beasts.
You worshipped Uskayaw.
Uskayaw was aware of your devotion.
You were not hungry.

You visited 3 branches of the dungeon, and saw 18 of its levels.
You also visited: Labyrinth and Volcano.

You collected 1201 gold pieces.
You spent 162 gold pieces at shops.

Inventory:

Hand Weapons
 a - a +2 shortbow of flaming
 i - a +2 arbalest of flaming (weapon)
Missiles
 e - 40 bolts (quivered)
 g - 252 stones
 C - 7 tomahawks
 L - 5 poisoned tomahawks
 W - 2 throwing nets
Armour
 j - a +1 pair of gloves (worn)
 p - a +1 helmet (worn)
 y - a +1 pair of boots of flying (worn)
 K - a +2 robe of resistance (worn)
 R - a +1 cloak (worn)
Jewellery
 r - an uncursed ring of protection from cold
 s - an amulet of faith (around neck)
 B - an uncursed ring of wizardry
 E - an uncursed ring of poison resistance
 I - an uncursed ring of protection from magic
 V - a +3 ring of protection
 Z - a +5 ring of protection (right hand)
Wands
 n - a wand of flame (29)
 w - a wand of disintegration (13)
 z - a wand of clouds (10)
 D - a wand of paralysis (60)
 G - a wand of acid (4)
 Q - a wand of polymorph (6)
Scrolls
 d - 8 scrolls of teleportation
 o - 4 scrolls of enchant weapon
 u - a scroll of fog
 v - a scroll of acquirement {unknown}
 A - 4 scrolls of immolation
 F - 3 scrolls of magic mapping
 J - a scroll of summoning {unknown}
 M - a scroll of random uselessness {unknown}
 P - a scroll of vulnerability {unknown}
 S - 4 scrolls of remove curse
 T - 2 scrolls of amnesia {unknown}
 X - a scroll of silence {unknown}
 Y - 2 scrolls of blinking {unknown}
Potions
 f - 3 potions of lignification
 h - 6 potions of might
 l - 3 potions of mutation
 m - a potion of berserk rage
 q - 3 potions of heal wounds
 t - 3 potions of agility
 x - 3 potions of curing
 H - 3 potions of flight
 N - a potion of cancellation
 O - a potion of resistance
 U - a potion of haste {unknown}
Comestibles
 c - 23 rations
 k - a chunk of flesh


   Skills:
 + Level 6.4 Fighting
   Level 4.8 Short Blades
 + Level 9.6 Dodging
 + Level 11.3 Stealth
 + Level 12.5 Spellcasting
 - Level 10.0 Necromancy
 - Level 8.0 Earth Magic
 * Level 11.8 Invocations


You had 19 spell levels left.
You knew the following spells:

 Your Spells              Type           Power        Failure   Level  Hunger
a - Pain                  Necr           ####         1%          1    None
b - Vampiric Draining     Necr           ######....   1%          3    None
c - Borgnjor's Vile Clut  Necr/Erth      ######....   2%          5    ###....
p - Apportation           Tloc           ###...       3%          1    None
R - Regeneration          Chrm/Necr      #####.....   1%          3    None
T - Animate Skeleton      Necr           N/A          1%          1    None
Y - Animate Dead          Necr           N/A          1%          4    None


Dungeon Overview and Level Annotations

Branches:
Dungeon (12/15)            Temple (1/1) D:7            Lair (5/6) D:9
  Swamp (0/4) Lair:4        Snake (0/4) Lair:4        Slime (0/5) Lair:5
    Orc (0/2) D:9

Altars:
Ashenzari
Cheibriados
Dithmenos
Elyvilon
Fedhas
Gozag
Hepliaklqana
Kikubaaqudgha
Makhleb
Nemelex Xobeh
Okawaru
Qazlal
Ru
Sif Muna
Trog
Uskayaw
Vehumet
Wu Jian
Xom
Yredelemnul
Zin
The Shining One
Jiyva

Shops:
D:6 ?   D:9 }

Annotations:
D:8 Yaldabaoth's ghost, novice SpEn
Lair:5 exclusion: 2 oklob plants


Message History

Confirm with . or Enter, or press ? or * to list all spells.
Aiming: Borgnjor's Vile Clutch
Press: ? - help, Dir - move target cursor Decaying hands burst forth from the earth!
Zombie hands grab the oklob plant.
Zombie hands grab the plant.
The zombie hands constrict the oklob plant.
The zombie hands constrict the plant!
The oklob plant spits acid at you. The splash of acid hits you!
* * * LOW HITPOINT WARNING * * *
You are splashed with acid!
The acid burns!
* * * LOW HITPOINT WARNING * * *
Unknown command.
The zombie hands constrict the oklob plant!
The zombie hands constrict the plant!
The oklob plant spits acid at you. The splash of acid hits you!
* * * LOW HITPOINT WARNING * * *
The acid corrodes you!
You are splashed with acid!
The acid burns!
You die...

. .... .............. ...
... ..............
...P..$../......#.... .#..
.................... ......
..#................# .#PP..
.#.#.....PP........##..P...
.(......PP...Z.............
........PP...........#..P..
........P(......@..........
.#.......(............P....#
............................
#........................P..
..........$..........)......
...#................#.....<.
.#..##.......P..###.P.......
............................
.P.#...PP.PP#P.#.....#......


You could see an oklob plant and a friendly wolf skeleton.

Vanquished Creatures
  Gastronok (D:10)
  A red draconian (Volcano)
  Snorg (Lair:3)
  A minotaur (Lab)
  A two-headed ogre (D:10)
  A centaur warrior (Volcano)
  3 hydras
  A death yak (D:9)
  Urug (Lair:2)
  Nergalle (Lair:2)
  3 oklob plants (Lair:5)
  Maurice (D:8)
  A black mamba (Lair:3)
  Joseph (D:9)
  2 centaur zombies (D:9)
  A spiny frog (Lair:2)
  A torpor snail (Lair:4)
  A yaktaur (Volcano)
  2 centaur skeletons (D:12)
  2 kobold demonologists (D:12)
  2 komodo dragons
  A troll (D:9)
  2 blink frogs (Lair:2)
  A polar bear (Lair:2)
  A slime creature (D:11)
  5 hippogriffs
  A shadow (D:12)
  Sigmund (D:5)
  2 wyverns
  47 yaks
  3 water moccasins
  4 nagas (Lair:4)
  Duvessa (D:4)
  3 porcupines
  An ice beast (D:9)
  4 orc warriors
  2 phantoms
  6 sky beasts
  A necrophage (D:10)
  10 wolves
  3 ogres
  8 centaurs
  7 crocodiles
  2 big kobolds (D:12)
  9 bullfrogs
  Dowan (D:4)
  A water moccasin skeleton (D:9)
  3 scorpions
  3 killer bees (D:10)
  9 wights
  3 howler monkeys
  3 electric eels
  8 crimson imps
  2 bullfrog zombies
  A quasit (D:11)
  10 jellies
  A gnoll shaman (D:5)
  13 hounds
  7 orc priests
  2 bullfrog skeletons
  2 iguanas (D:4)
  6 orc wizards
  6 worker ants
  A hound zombie (D:8)
  3 hound skeletons
  3 worker ant zombies
  13 adders
  7 gnolls
  6 shadow imps
  3 white imps (D:11)
  6 oozes
  4 worms
  2 dart slugs (D:2)
  A leopard gecko (D:3)
  46 orcs
  6 bats
  5 giant cockroaches
  6 goblins
  6 hobgoblins
  6 jackals
  9 quokkas
  5 ball pythons
  2 frilled lizards
  5 kobolds
  A quokka skeleton (D:4)
  8 rats
  A bush (Lair:5)
  2 fungi
  2 plants
394 creatures vanquished.

Vanquished Creatures (collateral kills)
  An ice dragon (Lair:1)
  A spiny frog (Lair:2)
  2 blink frogs (Lair:2)
  A porcupine (Lair:2)
  A black bear (D:7)
  A centaur (Volcano)
  A crocodile (Lair:4)
  A bullfrog zombie (D:9)
  An adder skeleton (D:7)
  5 orcs
  A quokka (D:6)
16 creatures vanquished.

Grand Total: 410 creatures vanquished

Notes
Turn   | Place    | Note
-------+----------+-------------------------------------------
     0 | D:1      | ObsidianBottle the Deep Elf Necromancer began the quest for the Orb.
     0 | D:1      | Reached XP level 1. HP: 10/10 MP: 6/6
    85 | D:1      | Learned a level 1 spell: Animate Skeleton
   151 | D:1      | You fall through a shaft!
   151 | D:2      | Found a radiant altar of Vehumet.
   151 | D:2      | Found a blossoming altar of Fedhas.
   151 | D:2      | Found a shimmering altar of Xom.
   151 | D:2      | Found an ornate altar of the Wu Jian Council.
   151 | D:2      | Found an opulent altar of Gozag.
   151 | D:2      | Found a shimmering altar of Xom.
   199 | D:2      | Reached skill level 5 in Necromancy
   280 | D:2      | You fall through a shaft!
   281 | D:3      | wtf
   282 | D:3      | Reached XP level 2. HP: 14/15 MP: 4/8
   577 | D:3      | Reached skill level 4 in Spellcasting
   643 | D:3      | Reached XP level 3. HP: 16/19 MP: 8/10
   654 | D:3      | Learned a level 3 spell: Vampiric Draining
  1164 | D:1      | D1 at last
  1323 | D:1      | You fall through a shaft!
  1324 | D:2      | well played game
  1927 | D:2      | Reached XP level 4. HP: 21/24 MP: 8/12
  2130 | D:2      | Reached skill level 5 in Spellcasting
  2390 | D:2      | Reached XP level 5. HP: 24/28 MP: 8/14
  2397 | D:2      | Learned a level 5 spell: Borgnjor's Vile Clutch
  2501 | D:2      | Reached skill level 1 in Earth Magic
  2954 | D:3      | Learned a level 3 spell: Regeneration
  4094 | D:4      | Reached XP level 6. HP: 29/32 MP: 10/15
  4340 | D:4      | Noticed Dowan
  4602 | D:4      | Found a blossoming altar of Fedhas.
  4748 | D:4      | Noticed Duvessa
  4760 | D:4      | Killed Duvessa
  4842 | D:4      | Killed Dowan
  5020 | D:5      | Entered Level 5 of the Dungeon
  5159 | D:5      | Noticed a sky beast
  5169 | D:5      | Killed a sky beast
  5169 | D:5      | Reached skill level 5 in Earth Magic
  5169 | D:5      | Reached XP level 7. HP: 21/36 MP: 3/16
  5708 | D:5      | Noticed Sigmund
  6236 | D:5      | Learned a level 4 spell: Animate Dead
  7044 | D:5      | Killed Sigmund
  7044 | D:5      | Reached skill level 6 in Spellcasting
  7275 | D:5      | Reached XP level 8. HP: 39/41 MP: 15/19
  7958 | D:6      | Reached skill level 7 in Spellcasting
  8400 | D:6      | Found a glowing silver altar of Zin.
  8401 | D:6      | Found a glowing golden altar of the Shining One.
  8707 | D:6      | Found Mur Dyhe's Magic Scroll Boutique.
  8747 | D:6      | Bought a scroll of remove curse for 39 gold pieces
  8748 | D:6      | Bought a scroll of identify for 26 gold pieces
  8748 | D:6      | Bought a scroll of enchant armour for 97 gold pieces
  9088 | D:7      | Reached skill level 8 in Spellcasting
  9306 | D:7      | Reached XP level 9. HP: 45/45 MP: 23/23
  9397 | D:7      | Found a staircase to the Ecumenical Temple.
  9407 | Temple   | Entered the Ecumenical Temple
  9416 | Temple   | Became a worshipper of Uskayaw the Reveler
  9431 | D:7      | Reached * piety under Uskayaw
  9714 | D:7      | Reached ** piety under Uskayaw
  9767 | D:7      | Reached *** piety under Uskayaw
  9913 | D:7      | Reached skill level 1 in Invocations
 10019 | D:8      | Reached skill level 10 in Necromancy
 10368 | D:8      | Noticed Yaldabaoth's ghost (novice SpEn)
 10377 | D:8      | Noticed Maurice
 10400 | D:7      | Reached skill level 9 in Spellcasting
 10677 | D:8      | Killed Maurice
 10818 | D:9      | Reached skill level 5 in Stealth
 10823 | D:9      | Reached **** piety under Uskayaw
 10944 | D:9      | Noticed a troll
 10951 | D:9      | Killed a troll
 10951 | D:9      | Reached skill level 10 in Spellcasting
 11299 | D:9      | Found a staircase to the Lair.
 11323 | D:9      | Reached ***** piety under Uskayaw
 11326 | D:9      | Reached skill level 5 in Invocations
 11326 | D:9      | Reached XP level 10. HP: 49/50 MP: 2/26
 11649 | D:9      | Found Yblauf's Gadget Shop.
 11649 | D:9      | Noticed Joseph
 11655 | D:9      | Killed Joseph
 11851 | D:9      | Found a staircase to the Orcish Mines.
 12073 | D:9      | Noticed a death yak
 12078 | D:9      | Reached skill level 1 in Fighting
 12079 | D:9      | Killed a death yak
 12084 | D:9      | Reached ****** piety under Uskayaw
 12101 | D:9      | Reached skill level 11 in Spellcasting
 12536 | D:9      | Found an ancient bone altar of Kikubaaqudgha.
 12747 | D:10     | Entered Level 10 of the Dungeon
 12795 | D:10     | Noticed Gastronok
 12812 | D:10     | Killed Gastronok
 12812 | D:10     | Reached skill level 5 in Dodging
 12812 | D:10     | Reached XP level 11. HP: 60/60 MP: 14/28
 12926 | D:10     | Noticed a two-headed ogre
 12931 | D:10     | Killed a two-headed ogre
 14468 | D:11     | Found a viscous altar of Jiyva.
 14710 | D:11     | Noticed an eight-headed hydra
 14716 | D:11     | Killed an eight-headed hydra
 14856 | D:11     | Reached skill level 1 in Short Blades
 16503 | D:12     | Reached skill level 12 in Spellcasting
 16791 | D:12     | Reached XP level 12. HP: 68/68 MP: 19/30
 16993 | Lair:1   | Entered Level 1 of the Lair of Beasts
 17160 | Lair:1   | Found a dark tunnel.
 17166 | Volcano  | Entered a volcano
 17182 | Volcano  | Noticed a centaur warrior
 17194 | Volcano  | Killed a centaur warrior
 17194 | Volcano  | Reached skill level 5 in Fighting
 17432 | Volcano  | Found a bloodstained altar of Trog.
 17442 | Volcano  | Noticed a red draconian
 17502 | Volcano  | Killed a red draconian
 17590 | Volcano  | Reached skill level 10 in Stealth
 18026 | Lair:1   | Noticed a five-headed hydra
 18032 | Lair:1   | Killed a five-headed hydra
 18032 | Lair:1   | Reached skill level 10 in Invocations
 18529 | Lair:1   | Noticed an ice dragon
 18536 | Lair:1   | Killed an ice dragon
 19028 | Lair:2   | Noticed a six-headed hydra
 19033 | Lair:2   | Killed a six-headed hydra
 19113 | Lair:2   | Noticed Nergalle
 19120 | Lair:2   | Killed Nergalle
 19348 | Lair:2   | Noticed Urug
 19448 | Lair:2   | Killed Urug
 20178 | Lair:3   | Found a labyrinth entrance.
 20193 | Lab      | Entered a labyrinth
 20513 | Lab      | Noticed a minotaur
 20517 | Lab      | Killed a minotaur
 20517 | Lab      | Reached XP level 13. HP: 74/74 MP: 21/31
 20550 | Lab      | Got a smelly chain mail
 20550 | Lab      | Got an ancient iron amulet
 20552 | Lab      | Got a warped broad axe
 20582 | Lair:3   | Learned a level 1 spell: Apportation
 20923 | Lair:3   | Identified the amulet "Fidiej" {Reflect Slay+2 SH+3 Stlth+} (You found it in a labyrinth)
 21405 | Lair:3   | Noticed Snorg
 21421 | Lair:3   | Killed Snorg
 21813 | Lair:4   | Found a staircase to the Snake Pit.
 22430 | Lair:4   | Found a staircase to the Swamp.
 22892 | Lair:5   | Found a staircase to the Slime Pits.
 23660 | Lair:5   | Splashed by an oklob plant's acid

Skill      XL: |  1  2  3  4  5  6  7  8  9 10 11 12 13 |
---------------+----------------------------------------+-----
Necromancy     | 5 6 7 8 9 10 | 10.0
Spellcasting   | 4 5 6 8 10 11 12 | 12.5
Earth Magic    | 3 5 6 7 8 |  8.0
Invocations    | 5 7 9 11 | 11.8
Stealth        | 6 8 9 10 11 | 11.3
Fighting       | 3 4 6 |  6.4
Dodging        | 5 7 9 |  9.6
Short Blades   | 2 4 |  4.8

Action                   |  1- 3 |  4- 6 |  7- 9 | 10-12 | 13-15 || total
-------------------------+-------+-------+-------+-------+-------++-------
Melee: Unarmed           |     2 |       |       |       |       ||     2
       Hand axe          |     8 |    11 |       |       |       ||    19
       Long sword        |       |     2 |       |       |       ||     2
       Flail             |       |       |    73 |    15 |       ||    88
       Dagger            |       |       |       |    19 |       ||    19
 Fire: Shortbow          |       |       |    76 |    90 |       ||   166
       Arbalest          |       |       |       |    40 |    30 ||    70
Throw: Stone             |       |     4 |     2 |     3 |       ||     9
 Cast: Pain              |    62 |   120 |    76 |    41 |    11 ||   310
       Animate Skeleton  |    15 |    22 |    27 |    41 |     6 ||   111
       Vampiric Draining |     1 |     9 |    12 |     3 |       ||    25
       Regeneration      |       |       |     8 |     2 |       ||    10
       Borgnjor's Vile C |       |       |    52 |   141 |    36 ||   229
       Animate Dead      |       |       |     2 |    11 |     3 ||    16
       Apportation       |       |       |       |       |     1 ||     1
Evoke: Wand              |       |       |     1 |     1 |       ||     2
  Use: Potion            |     2 |       |     2 |       |       ||     4
       Scroll            |       |    10 |     3 |     8 |     1 ||    22
 Stab: Sleeping          |       |     3 |       |     4 |       ||     7
       Paralysed         |       |       |       |     6 |       ||     6
       Distracted        |       |       |       |     1 |       ||     1
  Eat: Chunk             |     3 |    10 |    23 |    35 |     8 ||    79
       Ration            |       |       |     2 |     4 |     1 ||     7
Armor: Robe              |     6 |     8 |    26 |    51 |     7 ||    98
Dodge: Dodged            |    25 |    41 |    81 |    82 |    16 ||   245
       Rpst.: Long sword |       |     4 |       |       |       ||     4
